 Dungeon Crawl Stone Soup version 0.27-a0-1193-g8631133539 (webtiles) character file.

Game seed: 13156476442339200219

40 bande the Shield-Bearer (level 3, 0/23 HPs)
             Began as a Gargoyle Fighter on May 26, 2021.
             Killed from afar by Natasha (8 damage)
             ... with a magic dart
             ... on level 2 of the Dungeon on May 27, 2021.
             The game lasted 00:01:56 (1767 turns).

bande the Shield-Bearer (Gargoyle Fighter)          Turns: 1767, Time: 00:01:57

Health: 0/23       AC: 11    Str: 19    XL:     3   Next: 50%
Magic:  3/3        EV:  7    Int:  8    God:
Gold:   43         SH:  9    Dex: 10    Spells: 2/2 levels left

rFire    . . .     SeeInvis .   a - +0 war axe
rCold    . . .     Faith    .   c - +0 kite shield
rNeg     + . .     Spirit   .   b - +0 scale mail
rPois    ∞         Reflect  .   (no helmet)
rElec    +         Harm     .   (no cloak)
rCorr    .         Rampage  .   (no gloves)
Will     .....                  h - +0 pair of boots
Stlth    ..........             (no amulet)
HPRegen  0.07/turn              (no ring)
MPRegen  0.08/turn              (no ring)

@: slowed, very slow
A: sickness immunity, AC +3, negative energy resistance 1, electricity
resistance, torment resistance 1, petrification resistance
a: no special abilities


You were on level 2 of the Dungeon.
You visited 1 branch of the dungeon, and saw 2 of its levels.

You collected 43 gold pieces.

Inventory:

Hand Weapons
 a - a +0 war axe (weapon)
Armour
 b - a +0 scale mail (worn)
 c - a +0 kite shield (worn)
 h - a +0 pair of boots (worn)
Jewellery
 e - a ring of flight
Scrolls
 f - a scroll of amnesia {unknown}
 g - 2 scrolls of fear {unknown}
 i - a scroll of teleportation {unknown}
 j - a scroll of blinking {unknown}
Potions
 d - a potion of might


   Skills:
 + Level 3.5 Fighting
 + Level 2.5 Axes
 + Level 3.6 Armour
 + Level 3.7 Shields


You had 2 spell levels left.
You didn't know any spells.
Your spell library was empty.

Dungeon Overview and Level Annotations

Branches:
Dungeon (2/15)

Altars:

Annotations:
D:2 Natasha


Innate Abilities, Weirdness & Mutations

You are immune to sickness and miasma.
Your stone body is resilient. (AC +3)
You are immune to poison.
You resist negative energy. (rN+)
You are resistant to electric shocks. (rElec)
You are resistant to unholy torment.
You are immune to petrification.


Message History

You closely miss Natasha.
Natasha stares at you and mumbles some strange words.
You feel as though you will be slow longer.
You block Natasha's attack.
You hit Natasha.
Natasha is moderately wounded.
Natasha stares at you and mumbles some strange words.
The magic dart hits you. Natasha claws you but does no damage.
The shadow imp hits you but does no damage.
You miss Natasha.
Natasha is moderately wounded.
You closely miss the shadow imp. Natasha casts a spell at you.
You resist with significant effort.
The shadow imp hits you but does no damage.
Natasha barely misses you. The shadow imp barely misses you.
Natasha claws you but does no damage.
You hit Natasha.
Natasha is heavily wounded.
You closely miss the shadow imp. The shadow imp hits you.
Natasha claws you but does no damage.
The shadow imp hits you but does no damage.
Natasha claws you.
You miss Natasha.
Natasha is heavily wounded.
You hit the shadow imp. The shadow imp barely misses you.
You block Natasha's attack.
The shadow imp laughs crazily.
You block the shadow imp's attack.
Natasha stares at you and mumbles some strange words.
The magic dart hits you.
The shadow imp shouts, "Scamper away, thou impertinent idle-headed death-token!"
The shadow imp hits you but does no damage.
You barely miss Natasha.
Natasha is heavily wounded.
You slash the shadow imp! You block Natasha's attack.
The shadow imp hits you but does no damage.
Natasha casts a spell at you. The magic dart hits you!
You die...

#...........#######. #.#
#.#########.# #.#
#.#.......#.#################.#
#.#.#####.#.[.................#
#.#.#...#.#######################
#.#.#.#.#.# #.................
#.#.#.#.#.# #.################
#.#.....#.# #.# #.###.###.# #@#
#.........##....5h.#
#####.######.......# #.#
##......# #.# #......# #.#
#....... #.# #.......# #.#
#......># #.##########


You could see Natasha and a shadow imp (summoned).

Vanquished Creatures
  A worm (D:2)
  4 dart slugs
  5 bats
  2 endoplasms (D:1)
  4 hobgoblins
  3 jackals (D:2)
  3 quokkas (D:1)
  3 ball pythons
  A frilled lizard (D:2)
  A kobold (D:1)
  2 rats
29 creatures vanquished.

Notes
Turn   | Place    | Note
-------+----------+-------------------------------------------
     0 | D:1      | bande the Gargoyle Fighter began the quest for the Orb.
     0 | D:1      | Reached XP level 1. HP: 14/14 MP: 1/1
   227 | D:1      | Reached XP level 2. HP: 13/19 MP: 2/2
  1151 | D:2      | Reached XP level 3. HP: 23/23 MP: 3/3
  1640 | D:2      | Found a faded altar of an unknown god.
  1752 | D:2      | Noticed Natasha
  1767 | D:2      | Killed from afar by Natasha

Illustrated notes

Levels and vault maps discovered:
D:1:      dpeg_arrival_water_fire, layout_basic, chequers_serial_rivers_micro_b
D:2:      layout_basic, hellmonk_ecumenical_altar_leap_of_faith,
          minmay_misc_feat_roman, uniq_natasha, uniq_sigmund

Skill      XL: |  1  2 |
---------------+-------+-----
Axes           | 2 |  2.5
Fighting       | |  3.5
Armour         | |  3.6
Shields        | |  3.7

Action                   || total
-------------------------++-------
Melee: War axe           ||    82
Armor: Scale mail        ||    56
Dodge: Dodged            ||    25
Block: Kite shield       ||    40

Table legend: (Time is in decaauts)
 A = Elapsed time spent in this place.
 B = Non-inter-level travel time spent in this place.
 C = Inter-level travel time spent in this place.
 D = Time resting spent in this place.
 E = Time spent auto-exploring this place.
 F = Levels seen in this place.
 G = Mean time per level.
                   A        B        C        D        E       F      G
               +--------+--------+--------+--------+--------+-----+--------+
         Total |   1822 |   1822 |      0 |     85 |   1510 |   2 |  911.0 |
       Dungeon |   1822 |   1822 |      0 |     85 |   1510 |   2 |  911.0 |
               +--------+--------+--------+--------+--------+-----+--------+

Top non-repeatable levels by time:
     D:1: 1135 daAuts
     D:2: 687 daAuts
